 Dungeon Crawl Stone Soup version 0.26-a0-1033-gd598b01645 (webtiles) character file.

Game seed: 7668083586792147127

43 pablito the Insei (level 3, 0/23 HPs)
             Began as an Octopode Transmuter on Dec 10, 2020.
             Succumbed to a worker ant's poison
             ... on level 2 of the Dungeon.
             The game lasted 00:04:31 (1515 turns).

pablito the Insei (Octopode Transmuter)             Turns: 1515, Time: 00:04:32

Health: 0/23       AC:  1    Str:  9    XL:     3   Next: 58%
Magic:  6/6        EV: 13    Int: 15    God:
Gold:   50         SH:  0    Dex: 13    Spells: 5/6 levels left

rFire    x . .     SeeInvis .     - Unarmed
rCold    + . .     Faith    .   (no shield)
rNeg     . . .     Spirit   .   (helmet restricted)
rPois    +         Reflect  .   (no amulet)
rElec    .         Harm     .   d - ring of ice
rCorr    .         Rampage  .   g - ring of poison resistance
Will     .....                  (no ring)
Stlth    ++........             (no ring)
HPRegen  0.07/turn              (no ring)
MPRegen  0.10/turn              (no ring)
                                (no ring)
                                (no ring)

@: mighty, lethally poisoned (0 -> -11)
A: almost no armour, stealthy swim, amphibious, 8 rings, constrict 8, camouflage
1, blurry vision 1, gelatinous body 1, MP-powered wands
a: no special abilities


You were on level 2 of the Dungeon.
You visited 1 branch of the dungeon, and saw 2 of its levels.

You collected 50 gold pieces.

Inventory:

Jewellery
 d - a ring of ice (left tentacle)
 g - a ring of poison resistance (right tentacle)
Scrolls
 a - 2 scrolls of remove curse {unknown}
 c - a scroll of noise {unknown}
 f - a scroll of identify {unknown}
 i - a scroll of magic mapping {unknown}
Potions
 b - a potion of haste
 h - a potion of mutation


   Skills:
 + Level 1.2 Fighting
 - Level 2.0 Dodging
 + Level 0.2 Stealth
 + Level 0.5 Shields
 * Level 3.5 Unarmed Combat
 + Level 2.2 Spellcasting
 * Level 2.8 Transmutations


You had 5 spell levels left.
You knew the following spells:

 Your Spells              Type           Power        Failure   Level
a - Beastly Appendage     Tmut           ##....       7%          1

Your spell library contained the following spells:

 Spells                   Type           Power        Failure   Level
 Wereblood                Tmut           ##......     10%         2
 Spider Form              Tmut/Pois      #.........   36%         3
 Ice Form                 Ice/Tmut       #.......     77%         4
 Blade Hands              Tmut           ##........   88%         5


Dungeon Overview and Level Annotations

Branches:
Dungeon (2/15)

Altars:


Innate Abilities, Weirdness & Mutations

You cannot wear most types of armour.
You are very stealthy in the water. (Stealth+)
You are amphibious.
You can wear up to eight rings at the same time.
You can use your tentacles to constrict eight enemies at once.
Your skin changes colour to match your surroundings (Stealth+).
Your rubbery body absorbs attacks. (AC +1, EV +1)
Scrolls take you a little longer to read.
You expend magic power (3 MP) to strengthen your wands.


Message History

You constrict the worker ant. The worker ant bites you.
* * * LOW HITPOINT WARNING * * *
You release your grip on the worker ant.
You see here 23 stones.
The worker ant bites you.
* * * LOW HITPOINT WARNING * * *
It was a potion of mutation.
You feel extremely strange.
Your vision blurs.
You feel your magical essence link to the dungeon's wands.
The worker ant bites you.
* * * LOW HITPOINT WARNING * * *
You are lethally poisoned!
The worker ant poisons you!
Casting: Beastly Appendage (safe; 7% risk of failure)
Confirm with . or Enter, or press ? or * to list all spells.
Okay, then.
You aren't carrying any items that you can evoke.
It was a potion of might.
You feel very mighty all of a sudden.
You die...

#.#.########
#.#.#....(#
#.#..<....#
#.#.#######
. #.#.....#
...
#.#.###.#
.....###.#.#
......†..#B#
......####@#
..... #.#
.... #.# ...
... .. ..# #
####


You could see a worker ant.

Vanquished Creatures
  A leopard gecko (D:1)
  6 bats (D:1)
  A giant cockroach (D:1)
  A goblin (D:1)
  7 hobgoblins
  10 jackals
  4 frilled lizards (D:1)
  5 kobolds (D:1)
  A rat (D:2)
36 creatures vanquished.

Notes
Turn   | Place    | Note
-------+----------+-------------------------------------------
     0 | D:1      | pablito the Octopode Transmuter began the quest for the
                  | Orb.
     0 | D:1      | Reached XP level 1. HP: 13/13 MP: 3/3
   177 | D:1      | Reached XP level 2. HP: 9/18 MP: 3/5
   678 | D:1      | You fall into a shaft and drop 1 floor!
   745 | D:1      | Reached XP level 3. HP: 18/23 MP: 4/6
  1146 | D:2      | Upgraded the game from 0.26-a0-1026-g544776af23 to
                  | 0.26-a0-1033-gd598b01645
  1514 | D:2      | Gained mutation: Scrolls take you a little longer to read.
                  | [potion of mutation]
  1514 | D:2      | Gained mutation: You expend magic power (3 MP) to
                  | strengthen your wands. [potion of mutation]
  1514 | D:2      | HP: 1/23 [worker ant (3)]
  1515 | D:2      | Succumbed to a worker ant's poison

Illustrated notes

Levels and vault maps discovered:
D:1:      co_arrival_square_in_a_square_in_a_square, layout_basic,
          hangedman_decor_diamond_cutter, hex_intersection,
          chequers_serial_rivers_room_b, minivault_14, hex_tiny
D:2:      layout_basic, dk_noncrumbling_4

Action                   || total
-------------------------++-------
Melee: Unarmed           ||    86
       Constrict         ||    28
       Tentacles         ||    16
       Kick              ||    12
       Punch             ||     1
 Cast: Beastly Appendage ||    12
  Use: Potion            ||     3
 Stab: Sleeping          ||     1
Armor: Skin              ||     7
Dodge: Dodged            ||    56

Table legend: (Time is in decaauts)
 A = Elapsed time spent in this place.
 B = Non-inter-level travel time spent in this place.
 C = Inter-level travel time spent in this place.
 D = Time resting spent in this place.
 E = Time spent auto-exploring this place.
 F = Levels seen in this place.
 G = Mean time per level.
                   A        B        C        D        E       F      G
               +--------+--------+--------+--------+--------+-----+--------+
         Total |   1491 |   1454 |     37 |    257 |    978 |   2 |  745.5 |
       Dungeon |   1491 |   1454 |     37 |    257 |    978 |   2 |  745.5 |
               +--------+--------+--------+--------+--------+-----+--------+

Top non-repeatable levels by time:
     D:1: 1386 daAuts
     D:2: 104 daAuts
